 Dungeon Crawl Stone Soup version 0.24-a0-139-geb6712d (webtiles) character file.

Game seed: 2565674278234490607

215 Coron the Charmwright (level 5, -4/45 HPs)
             Began as a Draconian Skald on Mar 3, 2019.
             Slain by an iguana (7 damage)
             ... on level 4 of the Dungeon.
             The game lasted 00:08:05 (2626 turns).

Coron the Charmwright (Draconian Skald)             Turns: 2626, Time: 00:08:05

Health: -4/45      AC:  6    Str: 14    XL:     5   Next: 60%
Magic:  8/8        EV: 15    Int: 13    God:
Gold:   152        SH:  0    Dex: 11    Spells: 7/8 levels left

rFire    . . .     SeeInvis .   a - +1 spear
rCold    . . .     Gourm    .   (no shield)
rNeg     . . .     Faith    .   (armour unavailable)
rPois    +         Spirit   .   (helmet restricted)
rElec    .         Reflect  .   A - +0 cloak
rCorr    .         Harm     .   (no gloves)
MR       .....                  (no boots)
Stlth    +.........             (no amulet)
HPRegen  0.15/turn              h - +3 ring of evasion
MPRegen  0.11/turn              t - ring of poison resistance

@: no status effects
A: unfitting armour, cold-blooded, AC +5
a: no special abilities


You were on level 4 of the Dungeon.
You were not hungry.

You visited 1 branch of the dungeon, and saw 4 of its levels.

You collected 152 gold pieces.

Inventory:

Hand Weapons
 a - a +1 spear (weapon)
 p - a +0 hunting sling
 q - a +0 hunting sling
Missiles
 r - 93 stones (quivered)
 x - 4 tomahawks
Armour
 A - a +0 cloak (worn)
Jewellery
 h - a +3 ring of evasion (left hand)
 t - a ring of poison resistance (right hand)
 y - a +4 ring of dexterity {unknown}
Wands
 v - a wand of acid (7)
Scrolls
 e - a scroll of immolation {unknown}
 g - a scroll of magic mapping {unknown}
 i - a scroll of fear {unknown}
 j - 4 scrolls of remove curse
 m - 2 scrolls of identify
 o - a scroll of enchant weapon
 s - a scroll of enchant armour {unknown}
 z - 2 scrolls of teleportation {unknown}
Potions
 b - a potion of haste {unknown}
 d - 2 potions of lignification
 k - a potion of might {unknown}
 l - a potion of resistance {unknown}
 n - a potion of degeneration {unknown}
 u - 2 potions of curing {unknown}
 w - 2 potions of agility {unknown}
Comestibles
 c - 6 rations
 f - 11 chunks of flesh


   Skills:
 - Level 3.0 Fighting
 - Level 3.0 Polearms
 - Level 2.3 Dodging
 - Level 2.1 Spellcasting
 + Level 4.9 Charms


You had 7 spell levels left.
You knew the following spells:

 Your Spells              Type           Power        Failure   Level  Hunger
a - Infusion              Chrm           ##..         3%          1    ##.....

Your spell library contained the following spells:

 Spells                   Type           Power        Failure   Level  Hunger
 Song of Slaying          Chrm           ##......     4%          2    ###....
 Shroud of Golubria       Chrm/Tloc      #.........   14%         2    ###....
 Regeneration             Chrm/Necr      #.........   26%         3    ####...
 Spectral Weapon          Hex/Chrm       #.......     26%         3    ####...


Dungeon Overview and Level Annotations

Branches:
Dungeon (4/15)
 Temple: D:4-7

Altars:
Ashenzari
Fedhas
Hepliaklqana
Qazlal


Innate Abilities, Weirdness & Mutations

Your plain brown scales are hard. (AC +5)
You cannot fit into any form of body armour.
You are cold-blooded and may be slowed by cold attacks.


Message History

You hit the iguana but do no damage.
The iguana is lightly wounded.
The iguana misses you.
You hit the iguana.
The iguana is moderately wounded.
The iguana closely misses you.
You barely miss the iguana.
You tail-slap the iguana, but do no damage.
The iguana is moderately wounded.
The iguana closely misses you.
You hit the iguana but do no damage.
The iguana is moderately wounded.
The iguana bites you!
* * * LOW HITPOINT WARNING * * *
You hit the iguana but do no damage.
The iguana is moderately wounded.
You hit the iguana.
The iguana is moderately wounded.
The iguana bites you!
You die...

......
......###########
.......))รท.)...<#
###.#.....#######
#...#...#
#.#.#.#.#### ..
.###.....#
#######.##....#
......l@..##..#
#######.##....#
###..##.# #.#....#
# ...### .##.# .#
.# ##


You could see an iguana.

Vanquished Creatures
  A hound (D:4)
  2 worker ants (D:4)
  5 adders
  2 oozes (D:1)
  A worm (D:2)
  3 dart slugs
  2 leopard geckos
  8 orcs
  6 bats
  6 giant cockroaches
  5 goblins
  3 hobgoblins
  4 jackals (D:1)
  6 kobolds
  2 quokkas
  3 ball pythons
  3 frilled lizards (D:2)
  6 rats
  A fungus (D:2)
69 creatures vanquished.

Vanquished Creatures (others)
  A rat (D:3)
1 creature vanquished.

Grand Total: 70 creatures vanquished

Notes
Turn   | Place    | Note
-------+----------+-------------------------------------------
     0 | D:1      | Coron the Draconian Skald began the quest for the Orb.
     0 | D:1      | Reached XP level 1. HP: 17/17 MP: 3/3
   112 | D:1      | Reached XP level 2. HP: 14/25 MP: 5/5
   359 | D:1      | Reached skill level 3 in Charms
   564 | D:1      | Reached XP level 3. HP: 30/30 MP: 6/6
   793 | D:2      | Found a stormy altar of Qazlal.
   876 | D:2      | Found a hazy altar of Hepliaklqana.
   902 | D:2      | Found a blossoming altar of Fedhas.
  1352 | D:2      | Reached XP level 4. HP: 37/38 MP: 7/7
  2146 | D:3      | Reached skill level 4 in Charms
  2347 | D:3      | Found a shattered altar of Ashenzari.
  2431 | D:4      | Reached XP level 5. HP: 29/45 MP: 8/8
  2624 | D:4      | HP: 2/45 [iguana (14)]
  2626 | D:4      | Slain by an iguana

Levels and vault maps discovered:
D:1:      ncdulo_lavacross, layout_loops_ring
D:2:      layout_basic, grunt_temple_overflow_forces_of_nature,
          nicolae_overflow_crystal_walls
D:3:      layout_basic, ashenzari_altar_1
D:4:      layout_basic, kennysheep_little_box, makhleb_grotto_becter,
          lemuel_crystal_altar, first_ration, minmay_manual_monstrance

Skill      XL: |  1  2  3  4 |
---------------+-------------+-----
Charms         | 3 4 |  4.9
Fighting       | 3 |  3.0
Polearms       | 3 |  3.0
Dodging        | |  2.3
Spellcasting   | |  2.1

Action                   |  1- 3 |  4- 6 || total
-------------------------+-------+-------++-------
Melee: Spear             |   184 |   119 ||   303
       Tailslap          |    21 |    12 ||    33
  Use: Scroll            |     2 |     1 ||     3
 Stab: Sleeping          |     4 |       ||     4
  Eat: Chunk             |     2 |     4 ||     6
Armor: Skin              |    38 |    14 ||    52
Dodge: Dodged            |    87 |    72 ||   159

Table legend:
 A = Non-vault XP
 B = Vault XP
 C = Vault XP percentage of total XP
 D = Non-vault monster count
 E = Vault monster count
 F = Vault count percentage of total count
                 A         B        C        D         E       F
            +---------+---------+-------+---------+---------+-------
      Total |     261 |      47 |  15.3 |      66 |       2 |   2.9
            +---------+---------+-------+---------+---------+-------
        D:1 |      51 |       0 |   0.0 |      21 |       0 |   0.0
        D:2 |      62 |       0 |   0.0 |      22 |       0 |   0.0
        D:3 |      57 |       0 |   0.0 |      16 |       0 |   0.0
        D:4 |      91 |      47 |  34.1 |       7 |       2 |  22.2
            +---------+---------+-------+---------+---------+-------
